 Dungeon Crawl Stone Soup version 0.19-a0-585-ge40200b (webtiles) character file.

5532 Delvonshi the Covert (level 10, -2/76 HPs)
             Began as a Vampire Skald on June 10, 2016.
             Was a Follower of Uskayaw.
             Slain by idiolect's ghost (32 damage)
             ... on level 10 of the Dungeon.
             The game lasted 00:28:17 (11118 turns).

Delvonshi the Covert (Vampire Skald)               Turns: 11118, Time: 00:28:18

Health: -2/76      AC: 13    Str: 11    XL:     10   Next: 43%
Magic:  3/13       EV: 16    Int: 17    God:    Uskayaw [*.....]
Gold:   645        SH:  3    Dex: 24    Spells: 5 memorised, 2 levels left

rFire  . . .     SeeInvis +     B - +2 dagger (elec)
rCold  . . .     Gourm    .     d - quicksilver dragon armour
rNeg   + . .     Faith    .     (no shield)
rPois  .         Spirit   .     y - +1 helmet
rElec  .         Dismiss  .     (no cloak)
rCorr  .         Reflect  +     (no gloves)
SustAt .         Harm     .     r - +1 pair of boots
MR     ++...                    k - +3 amulet of reflection
Stlth  +++++.....               O - +6 ring of dexterity
                                v - +3 ring of intelligence

@: very slightly contaminated, very resistant to hostile enchantments, quite
stealthy
A: fangs 3, see invisible, unbreathing
a: Bat Form, Stomp, Renounce Religion


You were on level 10 of the Dungeon.
You worshipped Uskayaw.
Uskayaw was aware of your devotion.
You were not thirsty.

You visited 1 branch of the dungeon, and saw 10 of its levels.

You collected 645 gold pieces.

Inventory:

Hand Weapons
 a - the +0 hunting sling "Girreang" {freeze, rPois Str+4}
   (You found it on level 5 of the Dungeon)

   It causes projectiles fired from it to freeze those they strike, causing
   extra injury to most foes and up to half again as much damage against
   particularly susceptible opponents.
   They can also slow down cold-blooded creatures.
   It affects your strength (+4).
   It protects you from poison.
 B - a +2 dagger of electrocution (weapon)
 E - a +0 rapier
Armour
 d - a quicksilver dragon armour (worn)
 r - a +1 pair of boots (worn)
 y - a +1 helmet (worn)
Jewellery
 k - a +3 amulet of reflection (around neck)
 v - a +3 ring of intelligence (left hand)
 x - an uncursed amulet of magic regeneration {unknown}
 D - an uncursed ring of positive energy
 L - an uncursed ring of protection from fire
 O - a +6 ring of dexterity (right hand)
Wands
 g - a wand of polymorph (15/24)
 F - a wand of confusion (31/48)
 I - a wand of paralysis (13/24)
 Q - a wand of slowing (28/48)
Scrolls
 e - 3 scrolls of enchant weapon
 f - a scroll of immolation {unknown}
 j - a scroll of fear {unknown}
 l - 2 scrolls of recharging {unknown}
 m - 3 scrolls of remove curse
 n - 8 scrolls of identify
 s - 5 scrolls of teleportation {unknown}
 u - 3 scrolls of fog {unknown}
 G - a scroll of magic mapping {unknown}
 H - a scroll of amnesia {unknown}
 P - a scroll of enchant armour
Potions
 b - 6 potions of curing
 h - a potion of ambrosia {unknown}
 i - 4 potions of might {unknown}
 o - 3 potions of magic {unknown}
 p - 2 potions of degeneration {unknown}
 q - 6 potions of heal wounds {unknown}
 t - 3 potions of cure mutation {unknown}
 w - a potion of berserk rage {unknown}
 z - a potion of lignification {unknown}
 A - a potion of cancellation {unknown}
 C - 2 potions of agility {unknown}
 J - 2 potions of flight {unknown}
 N - a potion of mutation {unknown}
 R - a potion of resistance {unknown}
Books
 c - a book of Battle

   Spells                             Type                      Level
   a - Infusion                       Charms                       1
   b - Shroud of Golubria             Charms/Translocation         2
   c - Song of Slaying                Charms                       2
   d - Spectral Weapon                Hexes/Charms                 3
   e - Regeneration                   Charms/Necromancy            3
 K - a book of the Dragon

   Spells                             Type                      Level
   a - Flame Tongue                   Conjuration/Fire             1
   b - Cause Fear                     Hexes                        4
   c - Bolt of Fire                   Conjuration/Fire             6
   d - Dragon Form                    Transmutation                7
   e - Dragon's Call                  Summoning                    9
 M - a book of Geomancy

   Spells                             Type                      Level
   a - Sandblast                      Earth                        1
   b - Passwall                       Transmutation/Earth          2
   c - Stone Arrow                    Conjuration/Earth            3
   d - Petrify                        Transmutation/Earth          4
   e - Lee's Rapid Deconstruction     Earth                        5


   Skills:
 + Level 6.1 Fighting
 + Level 7.5 Short Blades
 - Level 0.7 Armour
 + Level 7.3 Dodging
 + Level 9.3 Stealth
 - Level 2.0 Spellcasting
 - Level 4.0 Hexes
 + Level 7.6 Charms
 + Level 1.0 Necromancy
 + Level 4.7 Invocations


You had 2 spell levels left.
You knew the following spells:

 Your Spells              Type           Power        Failure   Level  Hunger
a - Infusion              Chrm           ####         1%          1    #......
b - Shroud of Golubria    Chrm/Tloc      ##........   17%         2    ###....
c - Spectral Weapon       Hex/Chrm       ###.....     14%         3    ###....
d - Regeneration          Chrm/Necr      ###.......   28%         3    ###....
e - Song of Slaying       Chrm           ####....     3%          2    ###....


Dungeon Overview and Level Annotations

Branches:
Dungeon (10/15)            Temple (0/1) D:5
   Lair: D:8-11         Orc: D:9-12

Altars:
Ashenzari
Cheibriados
Elyvilon
Fedhas
Kikubaaqudgha
Nemelex Xobeh
Okawaru
Pakellas
Qazlal
Trog
Uskayaw
Yredelemnul
Zin

Annotations:
D:10 idiolect's ghost, journeyman TrCK


Innate Abilities, Weirdness & Mutations

You have razor-sharp teeth.
You have supernaturally acute eyesight. (SInv)
You can survive without breathing.


Message History

Idiolect's ghost is heavily damaged.
Your spectral weapon barely misses idiolect's ghost.
Your quicksilver dragon armour prevents you from hitting idiolect's ghost.
Idiolect's ghost is heavily damaged.
Your spectral weapon closely misses idiolect's ghost.
Your shroud bends idiolect's ghost's attack away!!
You hit idiolect's ghost.
Idiolect's ghost is heavily damaged.
Your spectral weapon completely misses idiolect's ghost.
Idiolect's ghost hits you!
Your shroud falls apart!
You hit idiolect's ghost but do no damage.
Idiolect's ghost is heavily damaged.
Your spectral weapon hits idiolect's ghost.
There is a sudden explosion of sparks!
You hit idiolect's ghost.
There is a sudden explosion of sparks!
Idiolect's ghost is almost destroyed.
Your spectral weapon hits idiolect's ghost but does no damage.
Idiolect's ghost hits you!!
You die...

...###....###.... #.#
####.# ##.#. #.# #.#
#.## #.# #.# #.. #
#.# #.####### ##.#
#.# #.##..... ....
##.## #.##.####
#..##...######.##.# #
#...<@.........##.# #
#.###W(.######.##.# #
#.....# #.##.# #
#.###.###.######.#..#
#.....# #........#.##
#####.###.#####..#.#
#.......W.#..#.#
#########....#.#
#...##.#


You could see idiolect's ghost and a friendly spectral dagger of electrocution.

Vanquished Creatures
  A hill giant (D:9)
  Psyche (D:8)
  A troll (D:9)
  Grinder (D:3)
  A spriggan (D:8)
  A wyvern (D:10)
  A hungry ghost (D:8)
  A steam dragon (D:9)
  Duvessa (D:5)
  A sky beast (D:6)
  A black bear (D:7)
  2 ice beasts
  A phantom (D:5)
  4 ogres
  An eye of draining (D:8)
  4 centaurs
  Blork the orc (D:5)
  4 giant frogs
  Dowan (D:5)
  A wyvern zombie (D:9)
  A scorpion (D:5)
  A wyvern skeleton (D:10)
  9 killer bees
  2 howler monkeys
  6 wights
  A giant frog zombie (D:4)
  5 crimson imps
  2 jellies
  3 giant frog skeletons
  5 hounds
  3 centaur skeletons
  4 iguanas
  2 orc wizards (D:4)
  3 worker ants
  A hound zombie (D:4)
  A mummy (D:9)
  A hound skeleton (D:9)
  A howler monkey zombie (D:4)
  5 worker ant zombies
  16 adders
  3 gnolls (D:7)
  4 shadow imps
  3 adder zombies (D:4)
  6 adder skeletons
  5 worms
  5 dart slugs
  6 giant geckos
  12 orcs
  A ball python (D:2)
  6 bats
  7 giant cockroaches
  6 goblins
  10 hobgoblins
  12 jackals
  9 kobolds
  4 quokkas
  3 giant gecko skeletons
  2 giant newts
  3 jackal zombies (D:4)
  2 quokka skeletons (D:4)
  A quokka zombie (D:4)
  7 rats
219 creatures vanquished.

Vanquished Creatures (others)
  3 spectral weapons
3 creatures vanquished.

Grand Total: 222 creatures vanquished

Notes
Turn   | Place    | Note
--------------------------------------------------------------
     0 | D:1      | Delvonshi the Vampire Skald began the quest for the Orb.
     0 | D:1      | Reached XP level 1. HP: 16/16 MP: 3/3
   706 | D:1      | Reached XP level 2. HP: 12/22 MP: 5/5
  1537 | D:2      | Reached skill level 1 in Stealth
  1537 | D:2      | Reached XP level 3. HP: 7/27 MP: 2/6
  1678 | D:2      | Found a shattered altar of Ashenzari.
  1682 | D:2      | Found an oddly glowing altar of Pakellas.
  1684 | D:2      | Found a blossoming altar of Fedhas.
  1900 | D:2      | Learned a level 2 spell: Shroud of Golubria
  1904 | D:2      | Learned a level 3 spell: Spectral Weapon
  2136 | D:2      | Reached XP level 4. HP: 34/34 MP: 0/7
  2367 | D:2      | Found a glowing silver altar of Zin.
  2612 | D:3      | Noticed Grinder
  2727 | D:3      | Reached skill level 1 in Hexes
  2752 | D:3      | Reached skill level 2 in Stealth
  3215 | D:3      | Found a bloodstained altar of Trog.
  3246 | D:3      | Reached XP level 5. HP: 27/39 MP: 8/8
  3673 | D:3      | Paralysed by Grinder for 2 turns
  3686 | D:3      | Killed Grinder
  3686 | D:3      | Reached skill level 3 in Stealth
  3686 | D:3      | Reached XP level 6. HP: 23/47 MP: 0/9
  3798 | D:4      | Found an ancient bone altar of Kikubaaqudgha.
  3852 | D:4      | Found a sparkling altar of Nemelex Xobeh.
  3994 | D:4      | Found a hide-covered altar of Uskayaw.
  4110 | D:4      | Became a worshipper of Uskayaw the Reveler
  4205 | D:4      | Reached * piety under Uskayaw
  4211 | D:4      | Reached ** piety under Uskayaw
  4313 | D:4      | Reached skill level 4 in Stealth
  4313 | D:4      | Reached XP level 7. HP: 41/52 MP: 1/10
  4360 | D:4      | Reached skill level 1 in Invocations
  4823 | D:5      | Entered Level 5 of the Dungeon
  4847 | D:5      | Noticed Duvessa
  4847 | D:5      | Noticed Dowan
  4855 | D:5      | Killed Duvessa
  5122 | D:5      | Killed Dowan
  5150 | D:5      | Noticed Blork the orc
  5175 | D:5      | Killed Blork the orc
  5175 | D:5      | Reached skill level 5 in Stealth
  5258 | D:5      | Got a dazzling hunting sling
  5259 | D:5      | Identified the cursed +0 hunting sling "Girreang" {freeze, rPois Str+4} (You found it on level 5 of the Dungeon)
  5324 | D:5      | Reached *** piety under Uskayaw
  5325 | D:5      | Reached XP level 8. HP: 48/60 MP: 0/11
  5327 | D:5      | Reached **** piety under Uskayaw
  5511 | D:5      | Reached skill level 5 in Charms
  5649 | D:5      | Found a staircase to the Ecumenical Temple.
  5720 | D:5      | Reached skill level 5 in Short Blades
  5935 | D:6      | Reached skill level 6 in Stealth
  5941 | D:6      | Reached skill level 5 in Dodging
  6286 | D:6      | Found an iron altar of Okawaru.
  6341 | D:6      | Learned a level 3 spell: Regeneration
  6401 | D:6      | Learned a level 2 spell: Song of Slaying
  6864 | D:7      | Reached XP level 9. HP: 66/67 MP: 6/12
  7246 | D:7      | Reached skill level 5 in Fighting
  7549 | D:7      | Reached skill level 7 in Stealth
  7791 | D:8      | Noticed Psyche
  7800 | D:8      | Killed Psyche
  8484 | D:8      | Reached skill level 8 in Stealth
  8996 | D:8      | Found a blossoming altar of Fedhas.
  9339 | D:9      | Found a snail-covered altar of Cheibriados.
  9350 | D:9      | Noticed a troll
  9364 | D:9      | Killed a troll
  9364 | D:9      | Reached XP level 10. HP: 76/76 MP: 3/13
  9553 | D:9      | Found a basalt altar of Yredelemnul.
  9625 | D:9      | Got a faintly glowing hunting sling
  9626 | D:9      | Identified the +9 hunting sling "Zippom" {freeze, rF+ rC+ Dex-5} (You found it on level 9 of the Dungeon)
  9629 | D:9      | Noticed a hill giant
  9651 | D:9      | Killed a hill giant
  9740 | D:9      | Reached skill level 9 in Stealth
  9869 | D:9      | Found a stormy altar of Qazlal.
  9923 | D:9      | Found a white marble altar of Elyvilon.
  9966 | D:10     | Entered Level 10 of the Dungeon
 10886 | D:10     | Reached skill level 1 in Necromancy
 11010 | D:10     | Noticed idiolect's ghost (journeyman TrCK)
 11118 | D:10     | Slain by idiolect's ghost

Vault maps used:
D:1:      dpeg_arrival_tiny_i
D:2:      minitemple, old_standard_altar
D:3:      lemuel_doored_altar, lemuel_coloured_pillars_altar, first_bread,
          uniq_grinder
D:4:      lemuel_upstairs_altar, kiku_gazebo_pond_becter,
          eat_drink_and_be_merry_uskayaw, lemuel_round_altar, serial_undead,
          serial_undead_a, serial_undead_a, serial_undead_a, serial_undead_a,
          serial_undead_c, serial_undead_b, serial_undead_d, serial_undead_f,
          serial_undead_a, serial_undead_d
D:5:      minmay_temple_entry_overgrown, item_on_display_a, uniq_blork_the_orc,
          uniq_duvessa
D:6:      kennysheep_okawaru_gauntlet
D:7:      columned_hall_lemuel
D:8:      grunt_pizzeria, fedhas_altar_fruit_tree, uniq_psyche
D:9:      kennysheep_ying_yang, nicolae_qazlal_eye_of_the_storm, slow_altar_1,
          hex_medium

Skill      XL: |  1  2  3  4  5  6  7  8  9 10 |
---------------+-------------------------------+-----
Fighting       | 2 3 4 5 6 |  6.1
Dodging        | 2 3 4 5 6 7 |  7.3
Stealth        | 1 2 3 4 5 6 8 9 |  9.3
Hexes          | 2 3 4 |  4.0
Short Blades   | 3 4 5 7 |  7.5
Charms         | 4 5 7 |  7.6
Invocations    | 2 3 4 |  4.7
Necromancy     | 1 |  1.0
Armour         | |  0.7
Spellcasting   | |  2.0

Action                   |  1- 3 |  4- 6 |  7- 9 | 10-12 || total
-------------------------+-------+-------+-------+-------++-------
Melee: Short sword       |   124 |   226 |       |       ||   350
       Bite              |    15 |    19 |    41 |    17 ||    92
       Dagger            |       |     8 |   463 |   108 ||   579
 Cast: Infusion          |     8 |    10 |     2 |       ||    20
       Shroud of Golubri |       |     2 |    10 |     7 ||    19
       Spectral Weapon   |       |     3 |    20 |     8 ||    31
  Use: Scroll            |       |       |     5 |       ||     5
       Potion            |       |       |       |     1 ||     1
 Stab: Sleeping          |       |     7 |    13 |     4 ||    24
       Paralysed         |       |       |     5 |       ||     5
       Distracted        |       |       |     4 |     1 ||     5
  Eat: Corpse            |    11 |    15 |    20 |     2 ||    48
Armor: Leather armour    |     3 |       |       |       ||     3
       Robe              |    31 |     2 |       |       ||    33
       Quicksilver drago |       |   102 |   143 |    28 ||   273
Dodge: Dodged            |    85 |   126 |   241 |    87 ||   539
Block: Other             |       |     4 |    52 |    13 ||    69
